 Dungeon Crawl Stone Soup version 0.18.1-1-g2f07953 (webtiles) character file.

2697 dobroeutro the Basher (level 9, -4/57 HPs)
             Began as a Gargoyle Fighter on May 7, 2016.
             Slain by Joseph
             ... wielding a +0 quarterstaff
              (10 damage)
             ... on level 7 of the Dungeon.
             The game lasted 00:11:12 (5811 turns).

dobroeutro the Basher (Gargoyle Fighter)            Turns: 5811, Time: 00:11:13

Health: -4/57      AC: 18    Str: 22    XL:     9   Next: 65%
Magic:  9/9        EV:  9    Int:  7    God:
Gold:   356        SH:  0    Dex: 10    Spells: 0 memorised, 8 levels left

rFire  . . .     SeeInvis .     a - +1 dire flail (venom)
rCold  . . .     Gourm    .     x - +2 scale mail {rPois}
rNeg   + . .     Faith    .     (shield currently unavailable)
rPois  ∞         Spirit   .     (no helmet)
rElec  +         Dismiss  .     (no cloak)
rCorr  +         Reflect  .     E - +0 pair of gloves
SustAt .         Harm     .     m - +0 pair of boots
MR     .....     Clarity  +     (no amulet)
Stlth  ..........               n - ring of resist corrosion
                                y - ring of flight

@: not resistant to hostile enchantments, extremely unstealthy
A: clarity, deterioration 1, dopey 1, negative energy resistance 1, electricity
resistance, wild magic 1, unbreathing, petrification resistance, rot immunity,
AC +5
a: Evoke Flight


You were on level 7 of the Dungeon.
You were not hungry.

You visited 1 branch of the dungeon, and saw 7 of its levels.

You collected 356 gold pieces.

Inventory:

Hand Weapons
 a - a +1 dire flail of venom (weapon)
 A - a +1 morningstar
Armour
 b - a +0 scale mail
 c - a +0 shield
 m - a +0 pair of boots (worn)
 q - a +0 ring mail of magic resistance
 x - a +2 scale mail of poison resistance (worn)
 E - a +0 pair of gloves (worn)
Jewellery
 j - an uncursed ring of positive energy
 n - a ring of resist corrosion (right hand)
 t - an uncursed ring of ice
 y - a ring of flight (left hand)
Wands
 r - a wand of polymorph (12/24)
 w - a wand of disintegration (24/24)
Scrolls
 e - 3 scrolls of identify
 l - 3 scrolls of remove curse
 o - 2 scrolls of fog
 p - 4 scrolls of random uselessness
 D - a scroll of blinking
Potions
 d - a potion of might
 g - a potion of resistance {unknown}
 h - a potion of brilliance
 i - 2 potions of heal wounds
 u - a potion of mutation {unknown}
 v - a potion of curing
 z - a potion of haste
 B - a potion of invisibility {unknown}
Comestibles
 f - 5 bread rations
 k - a meat ration
 s - a slice of pizza
 C - a beef jerky


   Skills:
 + Level 7.3 Fighting
 + Level 8.1 Maces & Flails
 + Level 7.3 Armour
 - Level 7.1 Shields


You had 8 spell levels left.
You didn't know any spells.

Dungeon Overview and Level Annotations

Branches:
Dungeon (7/15)             Temple (0/1) D:6

Altars:
Kikubaaqudgha
Nemelex Xobeh
Qazlal
Ru
Xom

Shops:
D:5 ::

Annotations:
D:4 zkyp's ghost, amateur OgFi
D:7 Joseph


Innate Abilities, Weirdness & Mutations

You are resistant to torment.
Your stone body is resilient (AC +5).
You are immune to poison.
You resist negative energy.
You are resistant to electric shocks.
You can survive without breathing.
You are immune to petrification.
You are immune to rotting.
You possess an exceptional clarity of mind.
Your body sometimes deteriorates upon taking damage.
You are dopey. (Int -2)
Your spells are a little harder to cast, but a little more powerful.


Message History

Joseph unwields an uncursed enchanted hunting sling.
Joseph wields an uncursed quarterstaff.
Joseph hits you with an uncursed quarterstaff.
* * * LOW HITPOINT WARNING * * *
You bludgeon Joseph!!
Joseph is moderately wounded.
You closely miss Joseph.
Joseph is moderately wounded.
Joseph barely misses you.
You bludgeon Joseph!!
Joseph is poisoned.
Joseph is severely wounded.
Joseph hits you with an uncursed quarterstaff.
* * * LOW HITPOINT WARNING * * *
You puncture Joseph!
Joseph looks even sicker.
Joseph is severely wounded.
Joseph barely misses you.
You barely miss Joseph.
Joseph is almost dead.
Joseph hits you with an uncursed quarterstaff!
You die...

##.## ..## ##.##
#....###..## ###
#.......## ###
##..######...).####..
#......###.#...(##...
##....†(.((.##........
#.....(......###<.....
#...@@........###....(
#.............# ###...
#..............# ##..
#...............# ###
#..............## #
##............##
#...........##
##.......##.# #.#


You could see Joseph.

Vanquished Creatures
  Grinder (D:5)
  The ghost of grom234 the Chiller, an amateur DsIE (D:3)
  Edmund (D:4)
  5 sky beasts
  A black bear (D:4)
  A necrophage (D:5)
  2 ice beasts
  2 centaurs
  Blork the orc (D:5)
  2 giant frogs (D:7)
  A scorpion (D:6)
  5 wights (D:6)
  A howler monkey (D:6)
  2 vampire bats (D:2)
  A crimson imp (D:6)
  3 hounds
  2 orc priests
  3 orc wizards
  A giant frog skeleton (D:5)
  An iguana (D:5)
  Natasha (thrice) (D:3)
  2 worker ants
  A hound skeleton (D:7)
  A howler monkey zombie (D:7)
  A worker ant zombie (D:6)
  3 gnolls (D:6)
  5 adders
  A shadow imp (D:5)
  An ooze (D:1)
  2 adder skeletons
  3 worms (D:2)
  3 dart slugs
  3 giant geckos
  33 orcs
  9 bats
  3 bat skeletons (D:2)
  3 bat zombies (D:2)
  3 giant cockroaches
  8 goblins
  6 hobgoblins
  10 kobolds
  A quokka (D:4)
  3 ball pythons
  A giant gecko skeleton (D:5)
  7 giant newts
  8 rats
161 creatures vanquished.

Vanquished Creatures (collateral kills)
  A quokka (D:6)
1 creature vanquished.

Grand Total: 162 creatures vanquished

Notes
Turn   | Place    | Note
--------------------------------------------------------------
     0 | D:1      | dobroeutro the Gargoyle Fighter began the quest for the Orb.
     0 | D:1      | Reached XP level 1. HP: 14/14 MP: 1/1
   309 | D:1      | Reached XP level 2. HP: 18/19 MP: 2/2
   459 | D:1      | Reached skill level 3 in Maces & Flails
   783 | D:1      | Reached XP level 3. HP: 20/23 MP: 3/3
  1170 | D:2      | Reached skill level 4 in Maces & Flails
  1298 | D:2      | Reached XP level 4. HP: 24/28 MP: 4/4
  1315 | D:2      | Found an ancient bone altar of Kikubaaqudgha.
  1350 | D:2      | Reached skill level 5 in Maces & Flails
  1350 | D:2      | Reached XP level 5. HP: 19/32 MP: 5/5
  1578 | D:3      | Noticed grom234's ghost (amateur DsIE)
  1986 | D:3      | HP: 1/32 [orc (2)]
  2129 | D:3      | HP: 1/32 [grom234's ghost (8)]
  2513 | D:3      | Reached XP level 6. HP: 34/37 MP: 6/6
  2530 | D:3      | Killed grom234's ghost
  2652 | D:3      | Noticed Natasha
  2665 | D:3      | Killed Natasha
  2771 | D:3      | Reached XP level 7. HP: 32/43 MP: 7/7
  2938 | D:3      | Noticed Natasha
  2946 | D:3      | Killed Natasha
  3037 | D:4      | Noticed zkyp's ghost (amateur OgFi)
  3258 | D:3      | Noticed Natasha
  3263 | D:3      | Killed Natasha
  3314 | D:4      | Reached skill level 6 in Maces & Flails
  3459 | D:4      | Reached skill level 5 in Shields
  3476 | D:4      | Found a shimmering altar of Xom.
  3860 | D:4      | Noticed Edmund
  3870 | D:4      | Killed Edmund
  3870 | D:4      | Reached skill level 5 in Fighting
  3870 | D:4      | Reached skill level 5 in Armour
  3911 | D:4      | Reached XP level 8. HP: 43/49 MP: 8/8
  3922 | D:5      | Entered Level 5 of the Dungeon
  3922 | D:5      | Found Paorutre's Book Shoppe.
  3925 | D:5      | Noticed Blork the orc
  3931 | D:5      | Killed Blork the orc
  3941 | D:5      | Found Aphuozas's Book Boutique.
  4001 | D:5      | Noticed Grinder
  4007 | D:5      | Killed Grinder
  4105 | D:5      | Reached skill level 7 in Maces & Flails
  4602 | D:6      | Found a sparkling altar of Nemelex Xobeh.
  4708 | D:6      | Found a stormy altar of Qazlal.
  4745 | D:6      | Found a shimmering altar of Xom.
  4778 | D:6      | Reached XP level 9. HP: 51/55 MP: 9/9
  4883 | D:6      | Found a staircase to the Ecumenical Temple.
  5033 | D:6      | Gained mutation: You are dopey. (Int -2) [mutagenic meat]
  5101 | D:6      | Gained mutation: You possess an exceptional clarity of mind. [mutagenic meat]
  5102 | D:6      | Gained mutation: Your body sometimes deteriorates upon taking damage. [mutagenic meat]
  5103 | D:6      | Gained mutation: Your spells are a little harder to cast, but a little more powerful. [mutagenic meat]
  5117 | D:6      | Found a sacrificial altar of Ru.
  5161 | D:6      | Found Zynoul's Distillery.
  5761 | D:7      | Reached skill level 8 in Maces & Flails
  5798 | D:7      | Noticed Joseph
  5811 | D:7      | Slain by Joseph

Skill      XL: |  1  2  3  4  5  6  7  8  9 |
---------------+----------------------------+-----
Maces & Flails | 3 4 5 6 7 8 |  8.1
Fighting       | 4 5 6 7 |  7.3
Armour         | 4 5 6 7 |  7.3
Shields        | 4 5 6 7 |  7.1

Action                   |  1- 3 |  4- 6 |  7- 9 || total
-------------------------+-------+-------+-------++-------
Melee: Flail             |   150 |   234 |    43 ||   427
       Morningstar       |       |       |   114 ||   114
       Dire flail        |       |       |   228 ||   228
  Use: Potion            |       |     2 |       ||     2
       Scroll            |       |       |    14 ||    14
  Eat: Chunk             |     2 |     5 |    14 ||    21
Armor: Scale mail        |    62 |       |   227 ||   289
       Ring mail         |    21 |   144 |       ||   165
Dodge: Dodged            |    72 |    88 |   179 ||   339
Block: Shield            |    78 |   136 |   118 ||   332
